 Dungeon Crawl Stone Soup version 0.22-a0-305-gd21a89c (webtiles) character file.

4 Gorice the Skirmisher (level 1, -1/18 HPs)
             Began as a Demonspawn Wanderer on Mar 31, 2018.
             Slain by a jackal (3 damage)
             ... on level 1 of the Dungeon.
             The game lasted 00:02:12 (269 turns).

Gorice the Skirmisher (Demonspawn Wanderer)          Turns: 269, Time: 00:02:13

Health: -1/18      AC:  5    Str: 11    XL:     1   Next: 50%
Magic:  1/1        EV: 11    Int: 13    God:
Gold:   0          SH:  0    Dex: 13    Spells: 0/0 levels left

rFire    . . .     SeeInvis .   d - +0 dagger
rCold    . . .     Gourm    .   (no shield)
rNeg     . . .     Faith    .   a - +2 leather armour
rPois    .         Spirit   .   (no helmet)
rElec    .         Reflect  .   (no cloak)
rCorr    .         Harm     .   (no gloves)
MR       .....                  (no boots)
Stlth    +.........             (no amulet)
HPRegen  0.06/turn              (no ring)
MPRegen  0.07/turn              (no ring)

@: no status effects
A: no striking features
a: no special abilities


You were on level 1 of the Dungeon.
You were not hungry.

You visited 1 branch of the dungeon, and saw 1 of its levels.

Inventory:

Hand Weapons
 d - a +0 dagger (weapon)
Armour
 a - a +2 leather armour (worn)
 c - a +0 ring mail
Jewellery
 h - an uncursed ring of wizardry {unknown}
Scrolls
 b - a scroll of identify {unknown}
 e - a scroll of noise {unknown}
 g - a scroll of remove curse {unknown}
Comestibles
 f - a ration


   Skills:
 + Level 3.1 Fighting
   Level 1.0 Bows
 - Level 1.7 Throwing
 + Level 1.2 Armour
 - Level 1.0 Dodging
 - Level 1.7 Unarmed Combat


You couldn't memorise any spells.
You didn't know any spells.

Dungeon Overview and Level Annotations

Branches:
Dungeon (1/15)

Altars:


Message History

The hobgoblin shouts!
The hobgoblin barely misses you.
A hobgoblin comes into view. It is wielding a club.
The hobgoblin moves out of view.
The hobgoblin barely misses you.
The hobgoblin hits you but does no damage.
The hobgoblin hits you but does no damage.
A leopard gecko comes into view.
The leopard gecko hisses angrily.
A rat comes into view.
The leopard gecko hisses menacingly.
Found a shiny granite ring.
The leopard gecko barely misses you. The rat barely misses you.
Found a scroll labeled ISEMUCLUPAU.
The leopard gecko barely misses you. The rat bites you but does no damage.
The rat bites you but does no damage. The rat bites you but does no damage.
The leopard gecko hisses menacingly.
A kobold comes into view.
A goblin comes into view. It is wielding a club.
The goblin shouts!
The goblin hits you but does no damage.
The kobold shouts!
The rat bites you but does no damage. The rat barely misses you.
A dart slug comes into view.
The hobgoblin hits you with a club.
* * * LOW HITPOINT WARNING * * *
The kobold barely misses you.
Damage: 1 (max 4)
The hobgoblin hits you but does no damage.
You see here a shiny granite ring.
h - a shiny granite ring The hobgoblin hits you but does no damage.
The goblin hits you with a club.
* * * LOW HITPOINT WARNING * * *
Damage: 2 (max 4)
The jackal barely misses you. The jackal closely misses you.
The jackal bites you.
* * * LOW HITPOINT WARNING * * *
Damage: 2 (max 4)
The jackal bites you.
* * * LOW HITPOINT WARNING * * *
Damage: 3 (max 4)
The jackal closely misses you. The jackal bites you.
You die...

...# ...# ...# ...# ...#
...##
>...######################
.........................#
................@hg......###.
......###########.K.g........
...#################g....## .
..## ###.......### ##r...# ..
.## #...........##
##...#####.. .#
....##'##....## #.g.......#
.# . ####.####...# #...##.###
## #.......##..####......# #
#..#####..#...# #..###.#


You could see a jackal, 2 hobgoblins, a goblin, a kobold and a rat.

Vanquished Creatures
  A giant cockroach (D:1)
  2 hobgoblins (D:1)
3 creatures vanquished.

Notes
Turn   | Place    | Note
-------+----------+-------------------------------------------
     0 | D:1      | Gorice the Demonspawn Wanderer began the quest for the Orb.
     0 | D:1      | Gorice set off with: a +2 leather armour, a scroll of teleportation {!r}, a +0 ring mail, a +0 dagger, a ration
     0 | D:1      | Reached XP level 1. HP: 18/18 MP: 1/1
    86 | D:1      | HP: 2/18 [goblin/dagger (4)]
   123 | D:1      | HP: 1/18 [goblin/whip (3)]
   263 | D:1      | HP: 4/18 [jackal (2)]
   265 | D:1      | HP: 1/18 [jackal (3)]
   269 | D:1      | Slain by a jackal

Vault maps used:
D:1:      dpeg_arrival_concentric_ovals, roderic_st_hans_cross,
          minmay_fountain_box

Action                   || total
-------------------------++-------
Melee: Dagger            ||    30
  Use: Scroll            ||     1
Armor: Leather armour    ||    25
Dodge: Dodged            ||    23

Table legend:
 A = Spawn XP
 B = Non-spawn XP
 C = Spawn XP percentage of total XP
 D = Spawn monster count
 E = Non-spawn monster count
 F = Spawn count percentage of total count
 G = Total turns spent on level
                    A         B        C        D         E        F      G
               +---------+---------+-------+---------+---------+-------+---------
         Total |       0 |       6 |   0.0 |       0 |       3 |   0.0 |   269
               +---------+---------+-------+---------+---------+-------+---------
           D:1 |       0 |       6 |   0.0 |       0 |       3 |   0.0 |   269
               +---------+---------+-------+---------+---------+-------+---------

Table legend:
 A = Turns spent in this place as a percentage of turns spent in the entire game.
 B = Non-inter-level travel turns spent in this place as a percentage of non-inter-level travel turns spent in the entire game.
 C = Inter-level travel turns spent in this place as a percentage of turns spent in this place.
 D = Turns resting spent in this place as a percentage of non-inter-level travel turns spent in this place.
 E = Turns spent auto-exploring this place as a percentage of non-inter-level travel turns spent in this place.
 F = Non-inter-level travel turns spent in this place divided by the number of levels of this place that you've seen.
                   A       B       C       D       E      F
               +-------+-------+-------+-------+-------+----------------------
         Total | 100.0 | 100.0 |   0.0 |   0.0 |  14.1 | 269.0
       Dungeon | 100.0 | 100.0 |   0.0 |   0.0 |  14.1 | 269.0
               +-------+-------+-------+-------+-------+----------------------

Vault maps used:
D:1:      dpeg_arrival_concentric_ovals, roderic_st_hans_cross,
          minmay_fountain_box
